 Dungeon Crawl Stone Soup version 0.26.1-11-gd32895ea62 (webtiles) character file.

Game seed: 14449717503303299436

946 Exodus22XD the Cleaver (level 8, 0/70 HPs)
             Began as a Hill Orc Monk on Apr 28, 2021.
             Was a Believer of Beogh.
             Succumbed to Dowan's poison
             ... on level 4 of the Dungeon.
             The game lasted 00:08:05 (4942 turns).

Exodus22XD the Cleaver (Hill Orc Monk)              Turns: 4942, Time: 00:08:06

Health: 0/70       AC:  7    Str: 16    XL:     8   Next: 13%
Magic:  10/10      EV:  8    Int: 10    God:    Beogh [**....]
Gold:   201        SH:  0    Dex: 13    Spells: 7/7 levels left

rFire    x . .     SeeInvis .   a - +0 hand axe
rCold    + + .     Faith    .   (no shield)
rNeg     . . .     Spirit   .   s - +0 chain mail
rPois    .         Reflect  .   (no helmet)
rElec    .         Harm     .   b - +0 cloak
rCorr    .         Rampage  .   (no gloves)
Will     .....     Clarity  +   (no boots)
Stlth    ..........             (no amulet)
HPRegen  0.21/turn              (no ring)
MPRegen  0.12/turn              q - ring of ice

@: brilliant, lethally poisoned (0 -> -13)
A: clarity, cold resistance 1, deformed body, MP-powered wands
a: Renounce Religion, Smiting


You were on level 4 of the Dungeon.
You worshipped Beogh.
Beogh was pleased with you.
You visited 1 branch of the dungeon, and saw 5 of its levels.

You collected 201 gold pieces.

Inventory:

Hand Weapons
 a - a +0 hand axe (weapon)
Armour
 b - a +0 cloak (worn)
 p - a +0 ring mail
 s - a +0 chain mail (worn)
Jewellery
 q - a ring of ice (right hand)
Wands
 u - a wand of iceblast (5)
Scrolls
 g - a scroll of teleportation
 h - a scroll of remove curse
 i - a scroll of blinking
 k - a scroll of random uselessness {unknown}
 l - 2 scrolls of enchant armour {unknown}
 m - 3 scrolls of magic mapping {unknown}
 n - 5 scrolls of enchant weapon
 r - a scroll of immolation {unknown}
 t - a scroll of fear {unknown}
 v - a scroll of amnesia {unknown}
Potions
 f - 2 potions of invisibility
 o - a potion of mutation


   Skills:
 + Level 6.0 Fighting
 + Level 8.7 Axes
 * Level 5.0 Armour
 - Level 2.4 Dodging
 - Level 1.5 Stealth
 * Level 3.3 Invocations


You had 7 spell levels left.
You didn't know any spells.
Your spell library was empty.

Dungeon Overview and Level Annotations

Branches:
Dungeon (5/15)
 Temple: D:4-7

Altars:
Elyvilon

Annotations:
D:5 Duvessa, Edmund


Innate Abilities, Weirdness & Mutations

You possess an exceptional clarity of mind.
Your flesh is cold resistant. (rC+)
Armour fits poorly on your strangely shaped body.
You expend magic power (3 MP) to strengthen your wands.


Message History

* * * LOW HITPOINT WARNING * * *
You feel sick.
You climb upwards.
* * * LOW HITPOINT WARNING * * *
You feel sick.
There is a stone staircase leading down here.
There is a lethal amount of poison in your body!
It was a potion of brilliance.
You feel clever all of a sudden.
* * * LOW HITPOINT WARNING * * *
You feel sick.
Really quaff the potion of mutation?
You feel extremely strange.
Your thoughts seem clearer.
Your body twists and deforms.
You feel resistant to cold.
You feel your magical essence link to the dungeon's wands.
* * * LOW HITPOINT WARNING * * *
You feel sick.
There is a lethal amount of poison in your body!
You die...

##########
.........#
.........#
.........#
..)......#########
............=...@#
.........#######.#
#.............(..#
#.#############..#
#.# #..# #.# #..#
#.# #..# #.# #..#
#.# #..#


There were no monsters in sight!

Vanquished Creatures
  Grinder (D:3)
  A wyvern (D:5)
  A sky beast (D:4)
  An ogre (D:4)
  A big kobold (D:4)
  Blork the orc (D:4)
  A bullfrog (D:5)
  Dowan (D:5)
  A howler monkey (D:5)
  An orc priest (D:3)
  An iguana (D:4)
  An orc wizard (D:3)
  2 adders (D:4)
  An ooze (D:2)
  A worm (D:2)
  A dart slug (D:2)
  2 leopard geckos
  2 orcs
  2 giant cockroaches
  A goblin (D:2)
  9 hobgoblins
  2 jackals (D:1)
  7 kobolds
  2 quokkas
  A ball python (D:2)
  7 bats
  A frilled lizard (D:2)
  A jackal skeleton (D:4)
  7 rats
61 creatures vanquished.

Vanquished Creatures (others)
  An orc priest (D:3)
  An orc (D:3)
  A hobgoblin (D:3)
3 creatures vanquished.

Grand Total: 64 creatures vanquished

Notes
Turn   | Place    | Note
-------+----------+-------------------------------------------
     0 | D:1      | Exodus22XD the Hill Orc Monk began the quest for the Orb.
     0 | D:1      | Reached XP level 1. HP: 19/19 MP: 1/1
   640 | D:1      | Reached XP level 2. HP: 23/27 MP: 2/2
  1119 | D:2      | Found a faded altar of an unknown god.
  1277 | D:2      | Reached skill level 1 in Armour
  1434 | D:2      | Reached XP level 3. HP: 32/33 MP: 3/3
  1466 | D:2      | Found a white marble altar of Elyvilon.
  2266 | D:3      | Reached skill level 5 in Axes
  2302 | D:3      | Noticed Grinder
  2317 | D:3      | Killed Grinder
  2318 | D:3      | Reached skill level 5 in Fighting
  2318 | D:3      | Reached skill level 6 in Axes
  2318 | D:3      | Reached XP level 4. HP: 16/42 MP: 4/4
  2318 | D:3      | Reached XP level 5. HP: 18/48 MP: 5/5
  2318 | D:3      | Reached XP level 6. HP: 21/56 MP: 6/6
  2588 | D:3      | Became a worshipper of Beogh the Brigand
  2588 | D:3      | Reached * piety under Beogh
  2588 | D:3      | Reached ** piety under Beogh
  2624 | D:3      | Reached skill level 7 in Axes
  3371 | D:4      | Noticed a sky beast
  3420 | D:4      | Killed a sky beast
  3421 | D:4      | Reached skill level 1 in Invocations
  3606 | D:4      | Reached XP level 7. HP: 30/61 MP: 8/8
  4041 | D:5      | Entered Level 5 of the Dungeon
  4045 | D:5      | Noticed a wyvern
  4058 | D:5      | Killed a wyvern
  4059 | D:5      | Reached skill level 8 in Axes
  4067 | D:5      | Noticed Duvessa
  4173 | D:5      | Noticed Blork the orc
  4173 | D:5      | Noticed Dowan
  4200 | D:4      | Killed Blork the orc
  4571 | D:5      | Noticed Edmund
  4804 | D:4      | Reached XP level 8. HP: 47/70 MP: 10/10
  4937 | D:5      | Killed Dowan
  4938 | D:5      | Reached skill level 5 in Armour
  4940 | D:4      | HP: 3/70 [poisoned by Dowan]
  4941 | D:4      | Gained mutation: You possess an exceptional clarity of
                  | mind. [potion of mutation]
  4941 | D:4      | Gained mutation: Armour fits poorly on your strangely
                  | shaped body. [potion of mutation]
  4941 | D:4      | Gained mutation: Your flesh is cold resistant. (rC+)
                  | [potion of mutation]
  4941 | D:4      | Gained mutation: You expend magic power (3 MP) to
                  | strengthen your wands. [potion of mutation]
  4942 | D:4      | Succumbed to Dowan's poison

Illustrated notes

Levels and vault maps discovered:
D:1:      ncdulo_wetmaze, layout_basic, minmay_tetromino_t2
D:2:      layout_basic, chequers_ecumenical_altar_simple_redux, elyvilon_altar_1
D:3:      layout_basic, uniq_grinder
D:4:      layout_basic
D:5:      cheibrodos_thug_alley, layout_rooms, minmay_temple_entry_waves,
          serial_shops, kennysheep_mini_moat, doesnt_xom_only_xom,
          uniq_crazy_yiuf_cottage, uniq_blork_the_orc, uniq_edmund,
          uniq_prince_ribbit1, uniq_duvessa

Skill      XL: |  1  2  3  4  5  6  7  8 |
---------------+-------------------------+-----
Fighting       | 4 5 6 |  6.0
Armour         | 1 2 3 4 5 |  5.0
Axes           | 6 7 8 |  8.7
Invocations    | 1 3 |  3.3
Dodging        | |  2.4
Stealth        | |  1.5

Action                   |  1- 3 |  4- 6 |  7- 9 || total
-------------------------+-------+-------+-------++-------
Melee: Hand axe          |   107 |    95 |    98 ||   300
Invok: Convert to Beogh  |       |     1 |       ||     1
  Use: Scroll            |     6 |     2 |     1 ||     9
       Potion            |     2 |       |     5 ||     7
 Stab: Sleeping          |     4 |       |       ||     4
Armor: Robe              |    18 |       |       ||    18
       Ring mail         |     1 |    34 |    24 ||    59
       Chain mail        |       |       |     8 ||     8
Dodge: Dodged            |    76 |    37 |    34 ||   147
